 Dungeon Crawl Stone Soup version 0.29.1-1-gd02db6906a (webtiles) character file.

Game seed: 3950624036560865794

38809 Inkqb1 the Severer (level 13, -1/86 HPs)
             Began as a Minotaur Berserker on Oct 8, 2022.
             Was a High Priest of Trog.
             Slain by a flying skull (9 damage)
             ... on level 2 of the Abyss.
             The game lasted 01:00:16 (25526 turns).

Inkqb1 the Severer (Minotaur Berserker)            Turns: 25526, Time: 01:00:17

Health: -1/86      AC: 26    Str: 18 (19) XL:     13   Next: 65%
Magic:  8/8        EV:  2    Int: -1 (0)  God:    Trog [*****.]
Gold:   292        SH:  0    Dex:  0 (1)  Spells: 12/12 levels left

rFire   + + .      SeeInvis +   B - +6 battleaxe (freeze)
rCold   . . .      Faith    .   (shield currently unavailable)
rNeg    + + +      Spirit   .   d - +5 crystal plate armour of Somewhere Else {Fly rN+ Dex-4}
rPois   .          Reflect  .   G - +2 hat
rElec   .          Harm     .   (no cloak)
rCorr   +          Rampage  .   m - +0 pair of gloves of Blue Skies {Contam rF++}
Will    .....      Rage     9%  v - +0 pair of boots
Stlth   ..........              (no amulet)
HPRegen 0.00/turn               H - +4 ring of slaying
MPRegen 0.11/turn               p - ring "Tuidocs" {rN++ rCorr EV+4 Str-5 SInv}

@: sick, flying, inhibited regen, hasted and slowed, lost intelligence, lost
dexterity, unable to read, unable to drink
A: horns 2, retaliatory headbutt, [berserk 2], [clumsy 2], [deformed body],
[deterioration 2], [dopey 2], [frail 3], [low MP 3], [screaming 2], [inhibited
regeneration], ([teleportitis 2]), [weak 2], [no potion heal 2], [subdued magic
3], [inability to drink after injury 2], [inability to read after injury 2]
a: Renounce Religion, Berserk, Trog's Hand, Brothers in Arms


You were on level 2 of the Abyss.
You worshipped Trog.
Trog was extremely pleased with you.
You visited 2 branches of the dungeon, and saw 17 of its levels.
You visited the Abyss 1 time.
You also visited: Ice Cave and Volcano.

You collected 1173 gold pieces.
You spent 881 gold pieces at shops.

Inventory:

Hand Weapons
 a - a +0 vorpal hand axe
 B - a +6 battleaxe of freezing (weapon)
Missiles
 w - 5 throwing nets (quivered)
Armour
 d - the +5 crystal plate armour of Somewhere Else (worn) {Fly rN+ Dex-4}
   (You acquired it on level 1 of the Lair of Beasts)

   Dex:       It affects your dexterity (-4).
   rN:        It protects you from negative energy.
   Fly:       It grants you flight.
 j - a +0 chain mail
 m - the +0 pair of gloves of Blue Skies (worn) {Contam rF++}
   (You found it on level 2 of the Dungeon)

   rF:        It greatly protects you from fire.
   Contam:    It causes magical contamination when unequipped.
 v - a +0 pair of boots (worn)
 G - a +2 hat (worn)
Jewellery
 g - a ring of resist corrosion
 i - an amulet of magic regeneration
 p - the ring "Tuidocs" (right hand) {rN++ rCorr EV+4 Str-5 SInv}
   (You bought it in a shop on level 11 of the Dungeon)

   [ring of evasion]

   EV:        It affects your evasion (+4).
   Str:       It affects your strength (-5).
   rN:        It greatly protects you from negative energy.
   SInv:      It lets you see invisible.
   rCorr:     It protects you from acid and corrosion.
 y - the ring "Usishu" {*Slow rPois rC+ rN+ Str+2}
   (You found it in an ice cave)

   [ring of protection from cold]

   Str:       It affects your strength (+2).
   rC:        It protects you from cold.
   rPois:     It protects you from poison.
   rN:        It protects you from negative energy.
   *Slow:     It may slow you when you take damage.
 F - a ring of protection from cold
 H - a +4 ring of slaying (left hand)
Wands
 o - a wand of acid (8)
 x - a wand of flame (34)
 C - a wand of polymorph (12)
Scrolls
 n - a scroll of amnesia {unknown}
 s - 2 scrolls of teleportation
 D - 3 scrolls of enchant weapon
Potions
 b - a potion of degeneration {unknown}
 c - 3 potions of curing
 e - 2 potions of might {unknown}
 f - a potion of cancellation {unknown}
 h - 3 potions of lignification
 k - 3 potions of flight
 l - a potion of berserk rage {unknown}
 q - 6 potions of magic
 r - 3 potions of ambrosia {unknown}
 t - 2 potions of invisibility {unknown}
 u - a potion of haste
 z - 3 potions of resistance
 A - 2 potions of heal wounds


   Skills:
 - Level 14.0 Fighting
 - Level 1.4 Short Blades
 - Level 20.0 Axes
 + Level 14.0 Armour
 - Level 5.0 Dodging


You had 12 spell levels left.
You didn't know any spells.
Your spell library was empty.

Dungeon Overview and Level Annotations

Branches:
Dungeon (13/15)            Temple (0/1) D:6            Lair (4/5) D:8
  Swamp (0/4) Lair:2       Spider (0/4) Lair:2          Orc (0/2) D:11
 Vaults (0/5) D:13          IceCv (visited)         Volcano (visited)
  Slime: Lair:4-5

Altars:
Fedhas
Kikubaaqudgha
Nemelex Xobeh
Qazlal
Trog
Vehumet
Xom
Yredelemnul
The Shining One

Shops:
D:2 =   D:5 !   D:11 [*(!

Annotations:
D:3 1 runed translucent door, Crazy Yiuf
D:13 Rupert


Innate Abilities, Weirdness & Mutations

You have a pair of horns on your head.
You reflexively headbutt those who attack you in melee.
[You have an uncontrollable temper.]
[You are very clumsy. (Dex -4)]
[Armour fits poorly on your strangely shaped body.]
[Your body often deteriorates upon taking damage.]
[You are very dopey. (Int -4)]
[You are extremely frail. (-30% HP)]
[Your magical capacity is extremely low. (-30% MP)]
[You frequently scream uncontrollably at your foes.]
[You do not regenerate when monsters are visible.]
[((You are often teleported next to monsters.))]
[You are very weak. (Str -4)]
[Potions cannot restore your health.]
[Your spells are much easier to cast, but much less powerful.]
[You sometimes lose the ability to drink potions when taking damage.]
[You sometimes lose the ability to read scrolls when taking damage.]


Message History

The flying skull hits you but does no damage.
The flying skull hits you.
The flying skull hits you but does no damage.
The flying skull attacks as you move away!
The flying skull hits you but does no damage.
The flying skull attacks as you move away!
The flying skull hits you.
The wretched star pulses with an eldritch light!
The starcursed mass touches you but does no damage.
The flying skull attacks as you move away!
The flying skull hits you.
A starcursed mass splits. x2
The flying skull attacks as you move away!
The flying skull hits you but does no damage.
A deafening chorus of shrieks assaults your mind!
You feel threatened and lose the ability to read scrolls!
You feel threatened and lose the ability to drink potions!
* * * LOW HITPOINT WARNING * * *
The flying skull hits you but does no damage.
The starcursed mass touches you but does no damage.
The flying skull attacks as you move away!
The flying skull hits you but does no damage.
A starcursed mass splits.
The flying skull attacks as you move away!
The flying skull hits you but does no damage.
A starcursed mass splits.
The flying skull hits you but does no damage.
The flying skull attacks as you move away!
The flying skull hits you.
* * * LOW HITPOINT WARNING * * *
You can drink potions again.
The flying skull hits you but does no damage.
You have no ailments to cure.
A starcursed mass comes into view.
A chorus of shrieks assaults your mind.
* * * LOW HITPOINT WARNING * * *
The flying skull attacks as you move away!
The flying skull hits you!
You feel threatened and lose the ability to read scrolls!
You feel threatened and lose the ability to drink potions!
You die...

. .....# .
.#...... X.
#.#.... ..
#.....#...
#.##.#.. ...#
..... #... #..#
.... # #.@#....#
#..z....#.#
#.X####...# ##
###.XXX###~~#.#
####~Xzz~~~.#
..~~~~zX*x≈~≈##
~~~~~≈♣ ~z~~~.#
~~ ~ ≈ ≈ ~.. #♣
X~~~~≈~#..##...#


You could see 2 starcursed masses and a flying skull.

Vanquished Creatures
  A lorocyproca (Abyss:2)
  A boulder beetle (Lair:2)
  Harold (D:9)
  2 two-headed ogres
  A catoblepas (Lair:2)
  Amaemon (Lair:3)
  A wretched star (Abyss:2)
  A lindwurm (Lair:4)
  2 bog bodies (IceCv)
  2 wizards
  An ugly thing (D:10)
  A manticore (D:12)
  9 elephants
  2 black mambas
  A torpor snail (Lair:1)
  An orange demon (Lair:3)
  Psyche (D:9)
  4 kobold demonologists
  A rime drake (Lair:2)
  4 cane toads
  5 komodo dragons
  An anaconda simulacrum (IceCv)
  2 polar bears
  5 trolls
  6 dream sheep (Lair:2)
  A large abomination (Abyss:2)
  2 jumping spiders (Lair:2)
  4 culicivoras (Lair:2)
  A dire elephant simulacrum (IceCv)
  52 yaks
  4 wyverns
  2 shadows (D:10)
  3 wraiths
  2 redbacks (Lair:2)
  Eustachio (D:4)
  2 chaos spawn (Abyss:2)
  3 basilisks
  4 vampire mosquitoes (D:10)
  A death yak simulacrum (IceCv)
  Menkaure (D:4)
  5 steam dragons
  Edmund (D:4)
  2 hydra simulacra (IceCv)
  A harpy simulacrum (IceCv)
  A warg (D:11)
  An acid dragon (D:8)
  10 water moccasins
  An ice beast (D:5)
  A black bear (D:8)
  2 orc warriors
  7 wolves (Lair:3)
  4 ogres
  A phantom (D:5)
  A centaur (D:7)
  2 kobold brigands (D:10)
  5 necrophages
  2 cane toad simulacra (IceCv)
  9 bullfrogs
  2 scorpions
  6 two-headed ogre simulacra (IceCv)
  A wight (D:4)
  A small abomination (Abyss:2)
  9 killer bees
  2 elephant simulacra (IceCv)
  5 howler monkeys
  A crimson imp (D:11)
  A centaur zombie (D:4)
  A bullfrog zombie (D:4)
  3 jellies
  A quasit (Abyss:2)
  8 orc priests
  4 hounds
  A gnoll bouda (D:10)
  A human zombie (D:4)
  An iron imp (Abyss:2)
  5 iguanas
  14 orc wizards
  2 polar bear simulacra (IceCv)
  3 troll simulacra (IceCv)
  Terence (D:3)
  2 wolf simulacra (IceCv)
  4 spriggan simulacra (IceCv)
  2 hound zombies (D:4)
  A mummy (D:4)
  8 gnolls
  4 naga simulacra (IceCv)
  12 adders
  8 river rats (D:5)
  8 white imps (IceCv)
  9 ufetubi
  An adder zombie (D:4)
  5 worms
  3 dart slugs
  63 orcs
  8 endoplasms
  4 giant cockroaches
  11 goblins
  13 hobgoblins
  8 jackals
  13 kobolds
  9 quokkas
  9 ball pythons
  5 bats
  4 frilled lizards (D:1)
  17 rats
500 creatures vanquished.

Vanquished Creatures (others)
  A rakshasa (Abyss:2)
  A raiju (Abyss:2)
  A chaos spawn (Abyss:2)
  3 small abominations (Abyss:2)
  22 fungi
  40 plants
  2 starspawn tentacles (Abyss:2)
70 creatures vanquished.

Grand Total: 570 creatures vanquished

Notes
Turn   | Place    | Note
-------+----------+-------------------------------------------
     0 | D:1      | Inkqb1 the Minotaur Berserker began the quest for the Orb.
     0 | D:1      | Reached XP level 1. HP: 19/19 MP: 0/0
   322 | D:1      | Reached XP level 2. HP: 26/27 MP: 1/1
   368 | D:1      | Reached skill level 4 in Axes
   573 | D:1      | Reached ** piety under Trog
   784 | D:1      | Reached XP level 3. HP: 33/33 MP: 2/2
  1146 | D:1      | Reached skill level 5 in Axes
  1673 | D:2      | Found a faded altar of an unknown god.
  1781 | D:2      | Reached XP level 4. HP: 28/40 MP: 3/3
  2071 | D:2      | Identified the +0 pair of gloves of Blue Skies {Contam
                  | rF++}
  2095 | D:2      | Reached skill level 6 in Axes
  2366 | D:2      | Found Umu Amm's Jewellery Emporium.
  2906 | D:3      | Found an ancient bone altar of Kikubaaqudgha.
  3009 | D:3      | Reached XP level 5. HP: 43/46 MP: 4/4
  3109 | D:2      | Reached skill level 7 in Axes
  3288 | D:3      | Reached XP level 6. HP: 38/52 MP: 5/5
  3404 | D:3      | Noticed Terence
  3412 | D:3      | Killed Terence
  3413 | D:3      | Reached skill level 8 in Axes
  3524 | D:3      | Found a runed translucent door.
  3525 | D:3      | Noticed Crazy Yiuf
  3609 | D:3      | Reached *** piety under Trog
  3652 | D:3      | Found a glowing golden altar of the Shining One.
  4545 | D:4      | Reached skill level 9 in Axes
  4893 | D:4      | Reached XP level 7. HP: 56/59 MP: 6/6
  4906 | D:4      | Found a basalt altar of Yredelemnul.
  4965 | D:4      | Reached skill level 10 in Axes
  5100 | D:4      | Reached skill level 11 in Axes
  5228 | D:4      | Noticed Menkaure
  5233 | D:4      | Killed Menkaure
  5234 | D:4      | Reached XP level 8. HP: 66/66 MP: 7/7
  5486 | D:4      | Noticed Eustachio
  5493 | D:4      | Killed Eustachio
  5618 | D:4      | Noticed Edmund
  5630 | D:4      | Killed Edmund
  5631 | D:4      | Reached skill level 12 in Axes
  5863 | D:5      | Entered Level 5 of the Dungeon
  6447 | D:5      | Reached skill level 13 in Axes
  7576 | D:5      | Found Linacig's Distillery.
  7597 | D:5      | Reached skill level 1 in Short Blades
  7597 | D:5      | Reached skill level 14 in Axes
  7597 | D:5      | Reached XP level 9. HP: 55/71 MP: 8/8
  8091 | D:5      | Reached **** piety under Trog
  8110 | D:5      | Reached skill level 5 in Fighting
  8988 | D:6      | Found a staircase to the Ecumenical Temple.
  9588 | D:7      | Found a shimmering altar of Xom.
 10393 | D:7      | Found a sparkling altar of Nemelex Xobeh.
 10426 | D:7      | Found a radiant altar of Vehumet.
 10792 | D:8      | Reached skill level 10 in Fighting
 11068 | D:8      | Reached XP level 10. HP: 72/94 MP: 9/9
 11589 | D:8      | Reached skill level 5 in Armour
 11788 | D:8      | Found a staircase to the Lair.
 12346 | D:9      | Noticed Harold
 12359 | D:9      | Killed Harold
 12528 | D:9      | Noticed Psyche
 12541 | D:9      | Killed Psyche
 12724 | D:9      | Noticed a two-headed ogre
 14355 | D:9      | Reached XP level 11. HP: 103/105 MP: 10/10
 14740 | D:9      | Killed a two-headed ogre
 14741 | D:9      | Reached skill level 10 in Armour
 14854 | D:10     | Entered Level 10 of the Dungeon
 14854 | D:10     | Noticed a two-headed ogre
 14866 | D:10     | Killed a two-headed ogre
 15701 | D:10     | Identified the +1 robe of Uhazaphi {rN+ Stlth+}
 15842 | D:10     | Noticed a cyan ugly thing
 15852 | D:10     | Killed a cyan ugly thing
 15891 | D:10     | Found a bloodstained altar of Trog.
 15894 | D:10     | Found a stormy altar of Qazlal.
 15898 | D:10     | Found a blossoming altar of Fedhas.
 16065 | D:10     | Reached skill level 5 in Dodging
 16154 | D:10     | Identified 2 scrolls of acquirement
 16154 | D:10     | Acquired a +5 battleaxe of freezing
 16159 | D:11     | Found Qotaceni's Weapon Shoppe.
 16559 | D:11     | Noticed a wizard
 16726 | Lair:1   | Entered Level 1 of the Lair of Beasts
 17531 | Lair:1   | Reached skill level 15 in Axes
 17943 | Lair:2   | Identified the +9 mace "Arcanum" {elec, rC+ Str+4 Dex-4
                  | Stlth+}
 17955 | Lair:2   | Noticed a catoblepas
 18101 | Lair:1   | Acquired the +5 crystal plate armour of Somewhere Else {Fly
                  | rN+ Dex-4}
 18497 | Lair:2   | Found a hole to the Spider Nest.
 18822 | D:11     | Reached XP level 12. HP: 117/117 MP: 11/11
 18906 | D:11     | Found a staircase to the Orcish Mines.
 18946 | D:11     | Found Suggixon's General Store.
 18997 | D:11     | Bought the ring "Tuidocs" {rN++ rCorr EV+4 Str-5 SInv} for
                  | 686 gold pieces
 19167 | D:11     | Identified the +0 robe of Madou {+Inv rElec rF- Str+3}
 19210 | D:11     | Found Refih's Antique Armour Boutique.
 19308 | D:11     | Reached skill level 16 in Axes
 19328 | D:11     | Found Myawn's Distillery.
 19334 | D:11     | Bought a potion of heal wounds for 65 gold pieces
 19334 | D:11     | Bought a potion of heal wounds for 65 gold pieces
 19334 | D:11     | Bought a potion of heal wounds for 65 gold pieces
 19823 | D:12     | Identified the +7 falchion of Valour {venom, rPois Will-
                  | Dex+3}
 20250 | D:13     | Noticed a boulder beetle
 20299 | D:13     | Noticed Rupert
 20299 | D:13     | Noticed a centaur warrior
 20299 | D:13     | Found a gate to the Vaults.
 20518 | Lair:2   | Reached skill level 17 in Axes
 20536 | Lair:2   | Found a staircase to the Swamp.
 20859 | Lair:2   | Noticed a boulder beetle
 20872 | Lair:2   | Killed a boulder beetle
 20873 | Lair:2   | Reached skill level 18 in Axes
 21187 | Lair:2   | Killed a catoblepas
 22285 | Lair:2   | Reached XP level 13. HP: 111/124 MP: 12/12
 22721 | Lair:3   | Found a frozen archway.
 22782 | IceCv    | Entered an ice cave
 23835 | IceCv    | Reached skill level 19 in Axes
 23839 | IceCv    | Reached ***** piety under Trog
 24118 | IceCv    | Identified the ring "Usishu" {*Slow rPois rC+ rN+ Str+2}
 24501 | Lair:3   | Noticed Amaemon
 24510 | Lair:3   | Killed Amaemon
 25197 | Lair:4   | Found a dark tunnel.
 25203 | Lair:4   | Reached skill level 20 in Axes
 25210 | Volcano  | Entered a volcano
 25246 | Abyss:2  | Cast into level 2 of the Abyss (a wizard)
 25283 | Abyss:2  | Found a corrupted altar of Lugonu.
 25341 | Abyss:2  | Lost intelligence.
 25411 | Abyss:2  | Noticed a lorocyproca
 25417 | Abyss:2  | Killed a lorocyproca
 25462 | Abyss:2  | Lost dexterity.
 25466 | Abyss:2  | Noticed a white very ugly thing
 25475 | Abyss:2  | Noticed a tentacled starspawn
 25496 | Abyss:2  | Noticed a starcursed mass
 25499 | Abyss:2  | Found a snail-covered altar of Cheibriados.
 25511 | Abyss:2  | Noticed a starcursed mass
 25525 | Abyss:2  | Noticed a starcursed mass
 25526 | Abyss:2  | Slain by a flying skull

Illustrated notes

Levels and vault maps discovered:
D:1:      minmay_arrival_open_corners, layout_loops_ring, grunt_decor_cap,
          st_stairs_13, corner_web_ring
D:2:      layout_basic, serial_shops, nicolae_shop_behind_doors, serial_bayou,
          serial_bayou_pond_c, serial_bayou_pond_b, serial_bayou_shore_b,
          serial_bayou_crossing, hellmonk_ecumenical_altar_arch_garden,
          supply_closet_lemuel
D:3:      layout_basic, lemuel_doored_altar, mainiacjoe_overflow_catwalk,
          uniq_terence, uniq_crazy_yiuf_cottage
D:4:      layout_loops_cross, lemuel_mausoleum_altar_yredelemnul,
          uniq_eustachio, uniq_edmund, uniq_menkaure
D:5:      lemuel_ratsnest, layout_cave_pools, serial_shops, shop_fountains,
          grunt_ministairs_13, hangedman_decor_clover_reticule
D:6:      layout_basic, minmay_temple_entry_junction_2
D:7:      layout_cave_pools, lemuel_crystal_altar, kennysheep_little_box,
          mainiacjoe_overflow_surrounded_room,
          hangedman_abyss_or_decor_lesser_grid
D:8:      layout_loops_cross, lair_entry_dummy
D:9:      minmay_goldmine, layout_long_grid, lemuel_flamethrower_2, uniq_psyche,
          uniq_harold
D:10:     layout_roguey, grunt_temple_overflow_diamond
D:11:     layout_irregular_city, erik_orc_4, serial_shops, shop,
          nicolae_stop_n_shop_2, shop_fountains, nicolae_shop_crystal,
          lightli_wizard_tower
D:12:     layout_irregular_city, corexii_corridor_pit
D:13:     layout_big_octagon, david_vaults_3, st_stairs_9
Lair:1:   layout_concentric_octagons
Lair:2:   layout_cave_shapes, minmay_swamp_entry_reptiles,
          nicolae_spider_entry_tight_spaces, serial_bayou_shore_b,
          grunt_megastairs_1, serial_bayou_shore_b
Lair:3:   layout_long_grid, portal_ice_cave_entry_pillars_2,
          chequers_serial_rivers_room_a, beast_lair_carwin_9,
          serial_bayou_shore_a, uniq_amaemon
Lair:4:   layout_roguey, nicolae_volcano_entry_vermiform
Abyss:2:  base: D:11, base: D:2, base: Lair:2, minivault_24, minivault_22,
          lemuel_flamethrower_hall, evilmike_abyss_exit_14,
          evilmike_abyss_exit_14
Volcano:  volcano_bunker

Skill      XL: |  1  2  3  4  5  6  7  8  9 10 11 12 13 |
---------------+----------------------------------------+-----
Fighting       | 4 10 12 14 | 14.0
Axes           | 4 5 6 7 9 11 14 15 18 20 | 20.0
Short Blades   | 1 |  1.4
Armour         | 4 9 10 12 14 | 14.0
Dodging        | 5 |  5.0

Action                   |  1- 3 |  4- 6 |  7- 9 | 10-12 | 13-15 || total
-------------------------+-------+-------+-------+-------+-------++-------
Melee: Hand axe          |    82 |   172 |   336 |   289 |       ||   879
       Headbutt          |    14 |    26 |    62 |   105 |    42 ||   249
       Punch             |       |     2 |     4 |       |       ||     6
       Battleaxe         |       |       |       |   235 |   208 ||   443
Invok: Berserk           |     1 |     2 |    15 |    17 |     4 ||    39
       Trog's Hand       |       |     1 |     1 |     7 |     2 ||    11
Evoke: Wand              |       |       |       |     2 |       ||     2
  Use: Scroll            |     4 |       |     4 |    14 |     6 ||    28
       Potion            |       |       |       |       |     5 ||     5
 Stab: Sleeping          |     1 |       |       |       |       ||     1
Armor: Animal skin       |    12 |     5 |       |       |       ||    17
       Scale mail        |       |    65 |    12 |       |       ||    77
       Chain mail        |       |       |   116 |   127 |       ||   243
       Crystal plate arm |       |       |       |   164 |   131 ||   295
Dodge: Dodged            |    60 |    63 |   135 |   203 |    66 ||   527
